 Dungeon Crawl Stone Soup version 0.28.0-53-g5a82cb258f (webtiles) character file.

Game seed: 12222520782457124546

115 SoupLadl the Firebug (level 4, 0/34 HPs)
             Began as a Draconian Fire Elementalist on July 22, 2022.
             Was a Plaything of Xom.
             Succumbed to a scorpion's poison
             ... on level 4 of the Dungeon.
             The game lasted 00:08:51 (1592 turns).

SoupLadl the Firebug (Draconian Fire Elementalist)  Turns: 1592, Time: 00:08:52

Health: 0/34       AC:  5    Str: 12    XL:     4   Next: 68%
Magic:  8/8        EV: 12    Int: 16    God:    Xom [..*...]
Gold:   29         SH:  0    Dex: 11    Spells: 7/8 levels left

rFire   . . .      SeeInvis .   i - +2 dagger (venom)
rCold   . . .      Faith    .   (no shield)
rNeg    . . .      Spirit   .   (armour unavailable)
rPois   .          Reflect  .   (helmet restricted)
rElec   .          Harm     .   (no cloak)
rCorr   .          Rampage  .   (no gloves)
Will    .....                   (no boots)
Stlth   ++........              h - amulet of magic regeneration
HPRegen 0.11/turn               (no ring)
MPRegen 0.51/turn               (no ring)

@: lethally poisoned (0 -> -8)
A: AC +5, unfitting armour, cold-blooded
a: Renounce Religion


You were on level 4 of the Dungeon.
You worshipped Xom.
You were a toy of Xom.
You visited 1 branch of the dungeon, and saw 4 of its levels.

You collected 29 gold pieces.

Inventory:

Hand Weapons
 a - a +1 dagger of protection
 i - a +2 dagger of venom (weapon)
Jewellery
 h - an amulet of magic regeneration (around neck)
Wands
 c - a wand of flame (13)
Scrolls
 b - a scroll of immolation {unknown}
 d - a scroll of fog {unknown}
 e - a scroll of vulnerability {unknown}
 g - a scroll of amnesia {unknown}
 j - a scroll of summoning {unknown}
Potions
 f - a potion of mutation {unknown}


   Skills:
 + Level 0.3 Fighting
 + Level 2.0 Short Blades
 + Level 2.4 Dodging
 + Level 2.3 Stealth
 + Level 2.7 Spellcasting
 + Level 1.1 Conjurations
 + Level 3.4 Fire Magic


You had 7 spell levels left.
You knew the following spells:

 Your Spells              Type           Power      Damage    Failure   Level
a - Foxfire               Conj/Fire      36%        2x1d5     8%          1

Your spell library contained the following spells:

 Spells                   Type           Power      Damage    Failure   Level
 Scorch                   Fire           26%        2d6       7%          2
 Conjure Flame            Conj/Fire      9%         6-21      22%         3
 Sublimation of Blood     Necr           2%         N/A       28%         2
 Inner Flame              Hex/Fire       7%         N/A       28%         3
 Flame Wave               Conj/Fire      9%         2d5       58%         4
 Petrify                  Tmut/Erth      2%         N/A       88%         4
 Irradiate                Conj/Tmut      2%         3d14      99%         5


Dungeon Overview and Level Annotations

Branches:
Dungeon (4/15)
 Temple: D:4-7

Altars:
Xom

Shops:
D:3 !

Portals:
Sewer: D:3


Innate Abilities, Weirdness & Mutations

Your plain brown scales are hard. (AC +5)
You cannot fit into any form of body armour.
You are cold-blooded and may be slowed by cold attacks.


Message History

Found a shiny ring mail.
You see here a +4 ring mail.
A ball python comes into view.
An orc comes into view. It is wielding a +0 flail.
There is an open door here.
A scorpion comes into view.
Found a stone staircase leading down.
You hit the scorpion.
The scorpion is poisoned.
You tail-slap the scorpion, but do no damage.
The scorpion is lightly wounded.
The orc shouts!
You hear an angry hiss.
The scorpion stings you.
You are poisoned.
The scorpion poisons you!
You barely miss the scorpion.
The scorpion is moderately wounded.
You feel very sick. The scorpion stings you!
You are lethally poisoned!
The scorpion poisons you!
A ball python comes into view.
An iguana comes into view.
The ball python hisses angrily. x2
You hit the scorpion.
The scorpion looks even sicker.
The scorpion is almost dead.
* * * LOW HITPOINT WARNING * * *
You feel very sick.
You kill the scorpion!
Your Short Blades skill increases to level 2!
You have reached level 4!
You feel clever.
* * * LOW HITPOINT WARNING * * *
You feel very sick.
* * * LOW HITPOINT WARNING * * *
You feel very sick.
The iguana bites you but does no damage.
There is an open door here.
* * * LOW HITPOINT WARNING * * *
You feel sick.
You die...
Xom chuckles heartily!

..####...## ....# ..# #.
.# ....#. #####.
########'#....
#..#####.##...........
###........##...........
..........# #...So.S....
..........######l#......
.................#.#..##
.........#######@#.#..#
.........# #.#l# >#
.........# #[# .
.........# #.# #
########.# #.#.#
########.#######.#.# S
...................+
########.#######.### #.#
#.#


You could see an iguana, an orc and a ball python.

Vanquished Creatures
  A scorpion (D:4)
  3 adders
  2 bats (D:1)
  6 endoplasms
  A giant cockroach (D:3)
  3 goblins
  3 hobgoblins
  5 kobolds
  A quokka (D:3)
  3 ball pythons
  A frilled lizard (D:1)
  3 rats
32 creatures vanquished.

Vanquished Creatures (others)
  28 foxfires
28 creatures vanquished.

Grand Total: 60 creatures vanquished

Notes
Turn   | Place    | Note
-------+----------+-------------------------------------------
     0 | D:1      | SoupLadl the Draconian Fire Elementalist began the quest
                  | for the Orb.
     0 | D:1      | Reached XP level 1. HP: 14/14 MP: 3/3
   117 | D:1      | Reached XP level 2. HP: 15/20 MP: 3/5
   400 | D:1      | Found a faded altar of an unknown god.
   414 | D:1      | Prayed at the altar of an unknown god.
   414 | D:1      | Became a worshipper of Xom of Chaos
   504 | D:1      | XOM: silly message
   583 | D:3      | Found Vecukhoum's Distillery.
   622 | D:3      | XOM: silly message
   805 | D:3      | XOM: divination: detect creatures
   876 | D:3      | XOM: cloud trail
   914 | D:3      | Reached XP level 3. HP: 26/26 MP: 5/7
  1010 | D:3      | XOM: 5-stop teleportation journey
  1042 | D:3      | XOM: cloud trail
  1057 | D:3      | Found a glowing drain.
  1156 | D:4      | XOM: stat loss: -1 Int (14/15)
  1226 | D:4      | Reached skill level 1 in Short Blades
  1359 | D:4      | XOM: noise
  1458 | D:4      | XOM: 1-stop teleportation journey
  1514 | D:4      | XOM: silly message
  1525 | D:4      | XOM: divination: detect creatures
  1583 | D:4      | Noticed a scorpion
  1588 | D:4      | Killed a scorpion
  1589 | D:4      | Reached XP level 4. HP: 10/34 MP: 8/8
  1592 | D:4      | Succumbed to a scorpion's poison

Illustrated notes

Levels and vault maps discovered:
D:1:      lightli_arrival_flooded_house, layout_basic,
          hellmonk_ecumenical_altar_prayer_group
D:2:      layout_loops_ring
D:3:      layout_loops_ring, portal_sewer_entry_f, serial_shops, shop
D:4:      layout_basic, hex_intersection

Skill      XL: |  1  2  3 |
---------------+----------+-----
Stealth        | 2 |  2.3
Dodging        | 2 |  2.4
Short Blades   | 2 |  2.0
Fighting       | |  0.3
Spellcasting   | |  2.7
Conjurations   | |  1.1
Fire Magic     | |  3.4

Action                   |  1- 3 |  4- 6 || total
-------------------------+-------+-------++-------
Melee: Dagger            |    62 |       ||    62
       Unarmed           |    10 |       ||    10
       Tailslap          |     7 |       ||     7
 Cast: Foxfire           |    20 |       ||    20
 Stab: Paralysed         |     2 |       ||     2
       Sleeping          |     1 |       ||     1
Armor: Skin              |    36 |     1 ||    37
Dodge: Dodged            |    66 |       ||    66
